 Dungeon Crawl Stone Soup version 0.24.0-123-gd5b16e6ec5 (webtiles) character file.

Game seed: 16434871348862474894, levelgen mode: deterministic

3617 FishyPogo the Magician (level 10, 0/73 HPs)
             Began as a Gnoll Fire Elementalist on Dec 19, 2019.
             Was a Follower of Ru.
             Slain by a two-headed ogre
             ... wielding a cursed -1 giant club
              (11 damage)
             ... on level 8 of the Dungeon.
             The game lasted 00:20:30 (6070 turns).

FishyPogo the Magician (Gnoll Fire Elementalist)    Turns: 6070, Time: 00:20:30

Health: 0/73       AC:  3    Str: 12    XL:     10   Next: 11%
Magic:  0/35       EV: 18    Int: 18    God:    Ru [*.....]
Gold:   415        SH:  0    Dex: 21    Spells: 10/23 levels left

rFire    + . .     SeeInvis .   F - staff of power
rCold    + . .     Gourm    .   (no shield)
rNeg     . . .     Faith    .   a - +0 robe
rPois    .         Spirit   +   y - +0 helmet
rElec    .         Reflect  .   A - scarf {rC+ rF+}
rCorr    .         Harm     .   (no gloves)
MR       .....                  (no boots)
Stlth    ++++......             h - amulet of guardian spirit
HPRegen  0.22/turn              i - +4 ring of dexterity
MPRegen  0.24/turn              C - ring of protection from magic

@: no status effects
A: distributed training, fangs 1, magic vulnerability 1, strong nose
a: Renounce Religion


You were on level 8 of the Dungeon.
You worshipped Ru.
Ru was aware of your devotion.
You were not hungry.

You visited 1 branch of the dungeon, and saw 8 of its levels.

You collected 415 gold pieces.

Inventory:

Hand Weapons
 p - a +1 falchion of draining
Missiles
 d - 145 stones (quivered)
 t - 5 atropa-tipped darts
 v - 5 javelins
 w - 2 boomerangs
Armour
 a - a +0 robe (worn)
 y - a +0 helmet (worn)
 A - a scarf of resistance (worn)
 M - +0 steam dragon scales
Magical Staves
 F - an uncursed staff of power (weapon)
Jewellery
 h - an amulet of guardian spirit (around neck)
 i - a +4 ring of dexterity (left hand)
 C - a ring of protection from magic (right hand)
 H - an uncursed amulet of the gourmand {unknown}
Wands
 o - a wand of flame (32)
 D - a wand of acid (11)
 L - a wand of iceblast (9)
Scrolls
 b - 3 scrolls of fog {unknown}
 e - a scroll of amnesia {unknown}
 g - 6 scrolls of identify {unknown}
 k - 3 scrolls of enchant armour {unknown}
 m - a scroll of enchant weapon {unknown}
 r - 4 scrolls of teleportation
 s - a scroll of remove curse
 x - 3 scrolls of magic mapping {unknown}
 z - 2 scrolls of immolation {unknown}
 E - a scroll of silence {unknown}
Potions
 f - 2 potions of haste {unknown}
 j - 2 potions of agility {unknown}
 l - 2 potions of lignification {unknown}
 n - 4 potions of curing
 q - 5 potions of flight {unknown}
 u - 3 potions of cancellation {unknown}
 B - 2 potions of heal wounds
 G - a potion of ambrosia {unknown}
 I - a potion of brilliance {unknown}
 K - a potion of magic {unknown}
Comestibles
 c - 10 rations
 J - 24 chunks of flesh


   Skills:
 + Level 4.9 Fighting
 + Level 4.9 Short Blades
 + Level 4.9 Long Blades
 + Level 4.9 Axes
 + Level 4.9 Maces & Flails
 + Level 4.9 Polearms
 + Level 4.9 Staves
 + Level 4.9 Slings
 + Level 4.9 Bows
 + Level 4.9 Crossbows
 + Level 4.9 Throwing
 + Level 4.9 Armour
 + Level 6.7 Dodging
 + Level 6.5 Stealth
 + Level 4.9 Shields
 + Level 4.9 Unarmed Combat
 + Level 7.1 Spellcasting
 + Level 4.6 Conjurations
 + Level 4.0 Hexes
 + Level 4.0 Charms
 + Level 4.0 Summonings
 + Level 4.0 Necromancy
 + Level 4.0 Translocations
 + Level 4.0 Transmutations
 + Level 6.9 Fire Magic
 + Level 4.0 Ice Magic
 + Level 4.0 Air Magic
 + Level 4.0 Earth Magic
 + Level 4.0 Poison Magic
 + Level 5.3 Invocations
 + Level 4.9 Evocations


You had 10 spell levels left.
You knew the following spells:

 Your Spells              Type           Power        Failure   Level  Hunger
a - Flame Tongue          Conj/Fire      ####.        1%          1    None
b - Throw Flame           Conj/Fire      ####..       1%          2    None
c - Sticky Flame          Conj/Fire      ####....     10%         4    ####...
j - Conjure Flame         Conj/Fire      ####....     3%          3    ##.....
k - Inner Flame           Hex/Fire       ####....     3%          3    ##.....

Your spell library contained the following spells:

 Spells                   Type           Power        Failure   Level  Hunger
 Fireball                 Conj/Fire      ####......   28%         5    #####..


Dungeon Overview and Level Annotations

Branches:
Dungeon (8/15)             Temple (0/1) D:7
   Lair: D:8-11

Altars:
Elyvilon
Kikubaaqudgha
Ru
Trog
Uskayaw
Xom


Innate Abilities, Weirdness & Mutations

Your experience applies equally to all skills.
You have very sharp teeth.
You are slightly vulnerable to magic. (MR-)
Your uncanny sense of smell can sniff out nearby items.


Message History

Casting: Flame Tongue (safe; 1% risk of failure)
Confirm with . or Enter, or press ? or * to list all spells.
Aiming: Flame Tongue (safe; 1% risk of failure)
Press: ? - help, Shift-Dir - straight line, f/p - two-headed ogre
Aim: a two-headed ogre, wielding a -1 giant club and a +0 giant club (severely wounded)
The flame tongue hits the two-headed ogre!
The two-headed ogre is almost dead.
The two-headed ogre barely misses you.
The two-headed ogre completely misses you.
Casting: Flame Tongue (safe; 1% risk of failure)
Confirm with . or Enter, or press ? or * to list all spells.
Aiming: Flame Tongue (safe; 1% risk of failure)
Press: ? - help, Shift-Dir - straight line, f/p - two-headed ogre
Aim: a two-headed ogre, wielding a -1 giant club and a +0 giant club (almost dead)
The flame tongue hits the two-headed ogre.
The two-headed ogre is almost dead.
The two-headed ogre hits you with a cursed -1 giant club!!
* * * LOW HITPOINT WARNING * * *
The two-headed ogre hits you with a +0 giant club!
You die...

##.#### #
......# #.
....$.# .##
......# ..
...?...
.#....... ###
#........ ..#
#@O......
#.####.##.≈.≈.
#.#.....≈##+#
#.)###.## #..#
#.# #..###.#
#.#.....#
#.##)#.#.## ∆
#.∆ <.#
#.#....######...


You could see a two-headed ogre.

Vanquished Creatures
  Pikel (D:5)
  A hippogriff (D:8)
  Grinder (D:4)
  A steam dragon (D:8)
  Menkaure (D:6)
  A water moccasin (D:6)
  Duvessa (D:7)
  An ice beast (D:6)
  2 sky beasts
  An orc warrior (D:6)
  4 slaves (D:5)
  4 ogres
  2 phantoms
  3 centaurs
  2 bullfrogs
  Dowan (D:7)
  2 howler monkeys
  2 crimson imps
  7 hounds
  3 jellies
  3 orc wizards
  3 orc priests
  4 worker ants
  A hound skeleton (D:6)
  A worker ant zombie (D:8)
  Robin (D:3)
  12 gnolls
  5 adders
  A shadow imp (D:7)
  An ooze (D:7)
  A worm (D:2)
  A dart slug (D:1)
  2 leopard geckos
  14 orcs
  A ball python (D:2)
  11 giant cockroaches
  15 goblins
  5 hobgoblins
  5 jackals (D:3)
  4 kobolds
  3 quokkas
  A ball python skeleton (D:4)
  12 bats
  2 frilled lizards
  A jackal skeleton (D:6)
  3 leopard gecko skeletons
  A quokka skeleton (D:6)
  6 rats
161 creatures vanquished.

Notes
Turn   | Place    | Note
-------+----------+-------------------------------------------
     0 | D:1      | FishyPogo the Gnoll Fire Elementalist began the quest for
                  | the Orb.
     0 | D:1      | Reached XP level 1. HP: 13/13 MP: 6/6
   126 | D:1      | Reached XP level 2. HP: 7/19 MP: 1/7
   233 | D:1      | Learned a level 2 spell: Throw Flame
   633 | D:2      | Reached XP level 3. HP: 25/25 MP: 2/9
   640 | D:2      | Reached skill level 5 in Spellcasting
   828 | D:2      | Reached skill level 1 in Invocations
  1145 | D:2      | Reached skill level 1 in Fighting
  1145 | D:2      | Reached skill level 1 in Short Blades
  1145 | D:2      | Reached skill level 1 in Long Blades
  1145 | D:2      | Reached skill level 1 in Axes
  1145 | D:2      | Reached skill level 1 in Maces & Flails
  1145 | D:2      | Reached skill level 1 in Polearms
  1145 | D:2      | Reached skill level 1 in Staves
  1145 | D:2      | Reached skill level 1 in Slings
  1145 | D:2      | Reached skill level 1 in Bows
  1145 | D:2      | Reached skill level 1 in Crossbows
  1145 | D:2      | Reached skill level 1 in Throwing
  1145 | D:2      | Reached skill level 1 in Armour
  1145 | D:2      | Reached skill level 1 in Shields
  1145 | D:2      | Reached skill level 1 in Unarmed Combat
  1145 | D:2      | Reached skill level 1 in Evocations
  1221 | D:2      | Reached XP level 4. HP: 30/32 MP: 9/11
  1385 | D:3      | Reached skill level 1 in Hexes
  1385 | D:3      | Reached skill level 1 in Charms
  1385 | D:3      | Reached skill level 1 in Summonings
  1385 | D:3      | Reached skill level 1 in Necromancy
  1385 | D:3      | Reached skill level 1 in Translocations
  1385 | D:3      | Reached skill level 1 in Transmutations
  1385 | D:3      | Reached skill level 1 in Ice Magic
  1385 | D:3      | Reached skill level 1 in Air Magic
  1385 | D:3      | Reached skill level 1 in Earth Magic
  1385 | D:3      | Reached skill level 1 in Poison Magic
  1463 | D:3      | Reached XP level 5. HP: 36/37 MP: 2/12
  1789 | D:3      | Found a bloodstained altar of Trog.
  1826 | D:3      | Noticed Robin
  1846 | D:3      | Killed Robin
  2260 | D:5      | Entered Level 5 of the Dungeon
  2589 | D:4      | Noticed Grinder
  2596 | D:4      | Reached XP level 6. HP: 38/44 MP: 8/13
  2603 | D:4      | Paralysed by Grinder for 4 turns
  2612 | D:4      | Killed Grinder
  2612 | D:4      | Reached skill level 5 in Dodging
  2798 | D:4      | Found a sacrificial altar of Ru.
  2801 | D:4      | Became a worshipper of Ru the Awakened
  2853 | D:4      | Noticed a phantom
  2877 | D:4      | Killed a phantom
  2877 | D:4      | Reached XP level 7. HP: 39/50 MP: 6/15
  2989 | D:4      | Found an ancient bone altar of Kikubaaqudgha.
  3427 | D:5      | Reached skill level 5 in Stealth
  3514 | D:5      | Found a shimmering altar of Xom.
  3594 | D:5      | Learned a level 3 spell: Conjure Flame
  3599 | D:5      | Learned a level 4 spell: Sticky Flame
  3619 | D:5      | Reached XP level 8. HP: 57/57 MP: 9/16
  3631 | D:5      | Noticed Pikel
  3982 | D:5      | Learned a level 3 spell: Inner Flame
  4037 | D:5      | Killed Pikel
  4037 | D:5      | Reached skill level 6 in Spellcasting
  4336 | D:6      | Reached XP level 9. HP: 52/65 MP: 7/18
  4425 | D:6      | Noticed Menkaure
  4568 | D:6      | Killed Menkaure
  4572 | D:6      | Gained mutation: You are slightly vulnerable to magic.
                  | (MR-) [Ru sacrifice]
  4572 | D:6      | Reached * piety under Ru
  4577 | D:6      | HP: 3/65 [quokka skeleton (2)]
  4580 | D:6      | HP: 1/65 [poisoned by a worker ant]
  5311 | D:7      | Found a staircase to the Ecumenical Temple.
  5499 | D:7      | Found a white marble altar of Elyvilon.
  5499 | D:7      | Found a hide-covered altar of Uskayaw.
  5641 | D:7      | Noticed Dowan
  5642 | D:7      | Noticed Duvessa
  5656 | D:7      | Killed Duvessa
  5658 | D:7      | Killed Dowan
  5757 | D:7      | Reached skill level 5 in Invocations
  5927 | D:8      | Reached XP level 10. HP: 66/73 MP: 13/20
  5947 | D:8      | Reached skill level 7 in Spellcasting
  6061 | D:8      | Noticed a two-headed ogre
  6070 | D:8      | Slain by a two-headed ogre

Levels and vault maps discovered:
D:1:      saegor_arrival_simple_d, layout_basic, minmay_misc_feat_iff
D:2:      minmay_roachtagon, layout_basic, first_ration
D:3:      layout_basic, trog_book, uniq_robin
D:4:      layout_loops_corners, kiku_gazebo_pond_becter, kennysheep_mini,
          minmay_misc_feat_ornament, grunt_ministairs_11, minmay_door_square,
          uniq_grinder
D:5:      layout_rooms, nicolae_overflow_hidden_temple, uniq_pikel
D:6:      layout_cave_pools, uniq_menkaure
D:7:      layout_cave_pods, gammafunk_temple_overflow_wave,
          minmay_temple_entry_butterflies, uniq_duvessa
D:8:      layout_loops_ring, chequers_temple_overflow_statue_of_worship,
          kennysheep_little_box, lair_entry_dummy,
          hangedman_little_slice_of_home, corexii_corridor_pit, uniq_harold

Skill      XL: |  1  2  3  4  5  6  7  8  9 10 |
---------------+-------------------------------+-----
Conjurations   | 2 3 4 |  4.6
Spellcasting   | 5 6 7 |  7.1
Invocations    | 1 2 3 4 5 |  5.3
Fighting       | 1 2 3 4 |  4.9
Short Blades   | 1 2 3 4 |  4.9
Long Blades    | 1 2 3 4 |  4.9
Axes           | 1 2 3 4 |  4.9
Maces & Flails | 1 2 3 4 |  4.9
Polearms       | 1 2 3 4 |  4.9
Staves         | 1 2 3 4 |  4.9
Slings         | 1 2 3 4 |  4.9
Bows           | 1 2 3 4 |  4.9
Crossbows      | 1 2 3 4 |  4.9
Throwing       | 1 2 3 4 |  4.9
Armour         | 1 2 3 4 |  4.9
Shields        | 1 2 3 4 |  4.9
Unarmed Combat | 1 2 3 4 |  4.9
Evocations     | 1 2 3 4 |  4.9
Hexes          | 1 2 3 4 |  4.0
Charms         | 1 2 3 4 |  4.0
Summonings     | 1 2 3 4 |  4.0
Necromancy     | 1 2 3 4 |  4.0
Translocations | 1 2 3 4 |  4.0
Transmutations | 1 2 3 4 |  4.0
Ice Magic      | 1 2 3 4 |  4.0
Air Magic      | 1 2 3 4 |  4.0
Earth Magic    | 1 2 3 4 |  4.0
Poison Magic   | 1 2 3 4 |  4.0
Dodging        | 5 6 |  6.7
Stealth        | 5 6 |  6.5
Fire Magic     | 6 |  6.9

Action                   |  1- 3 |  4- 6 |  7- 9 | 10-12 || total
-------------------------+-------+-------+-------+-------++-------
Melee: Unarmed           |    20 |       |       |       ||    20
       Bite              |     4 |     6 |    23 |     5 ||    38
       Falchion          |     8 |    65 |   118 |    16 ||   207
       Punch             |       |     1 |     5 |     2 ||     8
       Staff             |       |       |     1 |       ||     1
Throw: Stone             |     1 |       |     1 |       ||     2
 Cast: Flame Tongue      |    42 |    37 |   108 |    23 ||   210
       Throw Flame       |     9 |     9 |    59 |     2 ||    79
       Sticky Flame      |       |       |    11 |       ||    11
       Inner Flame       |       |       |     4 |       ||     4
Invok: Sacrifice Essence |       |       |     1 |       ||     1
  Use: Scroll            |       |       |     3 |       ||     3
       Potion            |       |       |     1 |       ||     1
 Stab: Sleeping          |     3 |     3 |       |       ||     6
       Distracted        |       |       |       |     1 ||     1
  Eat: Chunk             |     1 |     5 |    11 |     1 ||    18
Armor: Robe              |     3 |    10 |    17 |     3 ||    33
Dodge: Dodged            |    30 |    65 |   129 |    39 ||   263
       Rpst.: Falchion   |     4 |    20 |    37 |     8 ||    69
